 Dungeon Crawl Stone Soup version 0.30-a0-949-g53dc5368d7 (webtiles) character file.

Game seed: 6141787366337638113

1744 ICEMaiden the Magician (level 8, 0/43 (46) HPs)
             Began as a Deep Elf Hedge Wizard on Mar 23, 2023.
             Was a Follower of Sif Muna.
             Slain by an orc knight
             ... wielding a +0 halberd
              (17 damage)
             ... in a bailey on Mar 27, 2023.
             The game lasted 00:38:04 (9767 turns).

ICEMaiden the Magician (Deep Elf Hedge Wizard)      Turns: 9767, Time: 00:38:05

HP:   0/43 (46)     AC: 10    Str:  9    XL:     8   Next: 77%
MP:   6/18          EV: 15    Int: 20    God:    Sif Muna [*.....]
Gold: 182           SH:  0    Dex: 20    Spells: 3/18 levels left

rFire   . . .      SeeInvis +    a - +1 trident (venom)
rCold   . . .      Faith    .    (no shield)
rNeg    . . .      Spirit   .    b - +0 robe
rPois   .          Reflect  .    c - +1 hat
rElec   .          Rampage  .    J - +2 cloak
rCorr   .                        M - +2 pair of gloves
Will    .....                    x - +0 pair of boots
Stlth   +++                      (no amulet)
HPRegen 0.27/turn                z - +6 ring of dexterity
MPRegen 0.16/turn                o - ring of see invisible

@: on blink cooldown, drained
A: wild magic 1
a: Renounce Religion, Channel Magic


You were in a bailey.
You worshipped Sif Muna.
Sif Muna was aware of your devotion.
You visited 2 branches of the dungeon, and saw 8 of its levels.
You also visited: Ossuary and Bailey.

You collected 587 gold pieces.
You spent 405 gold pieces at shops.

Inventory:

Hand Weapons
 a - a +1 trident of venom (weapon)
Missiles
 y - 14 poisoned darts
 F - a curare-tipped dart
Armour
 b - a +0 robe (worn)
 c - a +1 hat (worn)
 x - a +0 pair of boots (worn)
 J - a +2 cloak (worn)
 M - a +2 pair of gloves (worn)
Jewellery
 f - a ring of protection from fire
 m - a ring of flight
 o - a ring of see invisible (right hand)
 z - a +6 ring of dexterity (left hand)
 H - a ring of willpower
Wands
 V - a wand of flame (9)
Scrolls
 e - 2 scrolls of teleportation
 h - 2 scrolls of immolation
 i - a scroll of blinking {unknown}
 l - 2 scrolls of amnesia
 n - a scroll of torment {unknown}
 r - a scroll of fear {unknown}
 s - 2 scrolls of noise
 v - 2 scrolls of poison {unknown}
 w - a scroll of enchant weapon {unknown}
 A - 3 scrolls of fog
 B - a scroll of vulnerability {unknown}
 I - a scroll of enchant armour {unknown}
 K - a scroll of butterflies {unknown}
Potions
 d - 2 potions of curing
 g - 2 potions of flight
 j - 3 potions of attraction
 k - a potion of might
 p - 2 potions of resistance
 q - 2 potions of cancellation
 t - a potion of lignification
 u - 2 potions of brilliance
 C - a potion of mutation
 D - 2 potions of haste
 G - a potion of berserk rage {unknown}


   Skills:
 * Level 3.1 Fighting
 + Level 2.1 Armour
 * Level 5.2 Dodging
 + Level 4.6 Stealth
 + Level 5.9 Spellcasting
 * Level 4.4 Conjurations
 + Level 3.1 Summonings
 + Level 3.8 Necromancy
 + Level 3.3 Translocations
 + Level 2.9 Air Magic
 + Level 3.1 Poison Magic


You had 3 spell levels left.
You knew the following spells:

 Your Spells              Type           Power      Damage    Failure   Level
a - Magic Dart            Conj           100%       1d8       3%          1
c - Mephitic Cloud        Conj/Pois/Air  26%        N/A       12%         3
d - Static Discharge      Conj/Air       54%        2-5/arc   6%          2
p - Call Imp              Summ           24%        N/A       7%          2
s - Vampiric Draining     Necr           27%        2d7       11%         3
x - Cigotuvi's Dreadful   Necr/Pois/Air  48%        N/A       7%          2
z - Blink                 Tloc           50%        N/A       7%          2

Your spell library contained the following spells:

 Spells                   Type           Power      Damage    Failure   Level
 Slow                     Hex            28%        N/A       16%         1
 Confusing Touch          Hex            7%         N/A       41%         3
 Iskenderun's Battlesphe  Conj           31%        2d8       52%         5
 Silence                  Hex/Air        7%         N/A       89%         5
 Starburst                Conj/Fire      9%         6d5       100%        6


Dungeon Overview and Level Annotations

Branches:
Dungeon (7/15)             Temple (1/1) D:5         Ossuary (visited)
 Bailey (1/1)

Altars:
Ashenzari
Cheibriados
Dithmenos
Elyvilon
Gozag
Hepliaklqana
Kikubaaqudgha
Makhleb
Okawaru
Qazlal
Ru
Sif Muna
Trog
Uskayaw
Wu Jian
Xom
Yredelemnul
Zin

Shops:
D:2 :   D:7 [*:(

Annotations:
D:4 Eustachio


Innate Abilities, Weirdness & Mutations

Your spells are a little harder to cast, but a little more powerful.


Message History

Unknown command.
The orc knight hits you but does no damage.
There is an open door here.
You close the door.
An orc knight opens the door.
You close the door.
An orc knight opens the door.
You close the door.
An orc knight breaks down the door.
Casting: Vampiric Draining (dangerous; 11% risk of failure)
Confirm with . or Enter, or press ? or * to list all spells.
You blink.
The orc shouts!
Casting: Blink (safe; 7% risk of failure)
Confirm with . or Enter, or press ? or * to list all spells.
A beastly little devil appears in a puff of flame.
You swap places.
You feel stable enough to blink again.
The orc knight closely misses your crimson imp.
Your crimson imp hits the orc knight.
There is an open door here.
Aiming: Throw Flame
Press: ? - help, Shift-Dir - straight line, p - orc knight
Okay, then.
Aiming: Magic Dart (safe; 3% risk of failure)
Press: ? - help, Q - select action, (/) - cycle Shift-Dir - straight line, f/p - orc knight
Aim: an orc knight, wielding a +0 halberd (almost dead, not watching you, very poisoned, ally target, 100% to hit)
Okay, then.
The orc knight hits your crimson imp with a +0 halberd!!
Your crimson imp dies!
Your crimson imp disappears in a puff of smoke!
Aiming: Magic Dart (safe; 3% risk of failure)
Press: ? - help, Q - select action, (/) - cycle Shift-Dir - straight line, f/p - orc knight
Aim: an orc knight, wielding a +0 halberd (almost dead, unaware, very poisoned, hasn't noticed you, 100% to hit)
The magic dart hits the orc knight!
The orc knight is almost dead.
Casting: Magic Dart (safe; 3% risk of failure)
Confirm with . or Enter, or press ? or * to list all spells.
You blink.
You close the door.
An orc knight opens the door.
The orc knight hits you with a +0 halberd!
You die...

#'# ### ##### ### ###
#)###.###.#)###.###.#
##'##'##'###+##'##'##
##..)..## ##.....##
###.....#####.....###
#)'..⌠..')#)'..∩..')#
###.....#####.....###
##..o..## ##.....##
##'##@##'###'##'##'##
#.###)###.')###)###[#
### ### ##### ### ###


You could see an orc knight (very poisoned).

Vanquished Creatures
  A water moccasin (D:6)
  2 black bears (D:5)
  2 phantoms
  An elf zombie (Ossuary)
  A kobold brigand (D:7)
  4 bullfrogs
  5 hounds
  2 sleepcaps (D:6)
  Terence (D:3)
  4 orc wizards
  2 mummies (Ossuary)
  11 gnolls
  7 adders
  A white imp (D:5)
  An ufetubus (D:3)
  A worm (D:3)
  A dart slug (D:2)
  21 orcs
  7 bats
  9 endoplasms
  3 giant cockroaches
  4 gnoll zombies (Ossuary)
  5 goblins
  5 hobgoblins
  3 quokkas (D:1)
  7 ball pythons
  3 frilled lizards
  5 goblin zombies (Ossuary)
  2 hobgoblin zombies (Ossuary)
  14 kobolds
  An orc zombie (Ossuary)
  2 rats
138 creatures vanquished.

Vanquished Creatures (collateral kills)
  A black bear (D:6)
  A centaur (D:6)
  A hound (D:6)
  A jelly (D:4)
  An iguana (D:7)
  A gnoll (D:7)
  An orc (D:7)
  A kobold (D:4)
  An orc zombie (Ossuary)
9 creatures vanquished.

Vanquished Creatures (others)
  18 plants (D:3)
18 creatures vanquished.

Grand Total: 165 creatures vanquished

Notes
Turn   | Place    | Note
-------+----------+-------------------------------------------
     0 | D:1      | ICEMaiden the Deep Elf Hedge Wizard began the quest for the
                  | Orb.
     0 | D:1      | Reached XP level 1. HP: 10/10 MP: 7/7
   418 | D:1      | Reached XP level 2. HP: 15/15 MP: 2/9
  1565 | D:2      | Reached XP level 3. HP: 20/20 MP: 4/10
  1643 | D:2      | Learned a level 2 spell: Blink
  1646 | D:2      | Learned a level 2 spell: Call Imp
  1649 | D:2      | Learned a level 2 spell: Cigotuvi's Dreadful Rot
  1653 | D:2      | Learned a level 3 spell: Mephitic Cloud
  1701 | D:2      | Found Uvaept's Book Boutique.
  2448 | D:3      | Reached XP level 4. HP: 24/24 MP: 9/12
  2472 | D:3      | Noticed Terence
  2551 | D:3      | Killed Terence
  2552 | D:3      | Reached skill level 1 in Necromancy
  2552 | D:3      | Reached skill level 1 in Air Magic
  2668 | D:3      | Got the Anthology of Attacks and the Zephyr
  2922 | D:3      | Reached skill level 1 in Fighting
  3467 | D:4      | Found a sand-covered staircase.
  3476 | Ossuary  | Entered an ossuary
  3575 | Ossuary  | Reached skill level 1 in Poison Magic
  3585 | Ossuary  | Reached XP level 5. HP: 29/29 MP: 0/13
  4228 | D:4      | Noticed Eustachio
  4706 | D:4      | Reached XP level 6. HP: 30/34 MP: 0/14
  5156 | D:4      | Learned a level 3 spell: Vampiric Draining
  5750 | D:5      | Entered Level 5 of the Dungeon
  5816 | D:5      | Reached skill level 1 in Armour
  6079 | D:5      | Reached skill level 5 in Spellcasting
  6096 | D:5      | Reached XP level 7. HP: 36/39 MP: 2/16
  6781 | D:5      | Found a staircase to the Ecumenical Temple.
  6791 | Temple   | Entered the Ecumenical Temple
  7034 | Temple   | Became a worshipper of Sif Muna the Loreminder
  7854 | D:6      | Reached XP level 8. HP: 32/38 MP: 9/18
  7864 | D:6      | Upgraded the game from 0.30-a0-930-gb9d0489357 to
                  | 0.30-a0-949-g53dc5368d7
  7870 | D:6      | Gained mutation: Your spells are a little harder to cast,
                  | but a little more powerful. [potion of mutation]
  8161 | D:6      | Reached * piety under Sif Muna
  8695 | D:7      | Found Utodweo's Book Emporium.
  8701 | D:7      | Found Laucw's Antique Weapon Shop.
  8757 | D:7      | Found Qoh Facva's Antique Armour Boutique.
  8764 | D:7      | Reached skill level 5 in Dodging
  8844 | D:7      | Found Woth's Assorted Antiques.
  8872 | D:7      | Bought a scroll labelled DEUTSAO MICOUFF for 30 gold pieces
  8872 | D:7      | Bought a potion of curing for 90 gold pieces
  8872 | D:7      | Bought a scroll of identify for 60 gold pieces
  8872 | D:7      | Bought a pair of embroidered gloves for 225 gold pieces
  8948 | D:7      | Found a flagged portal.
  8971 | Bailey   | Entered a bailey
  8986 | Bailey   | Learned a level 2 spell: Static Discharge
  9473 | Bailey   | Noticed an orc knight
  9767 | Bailey   | Slain by an orc knight

Illustrated notes

Levels and vault maps discovered:
D:1:      sevenhm_arrival_forest_fort_large_2, layout_loops_cross
D:2:      layout_basic, serial_shops, shop, kennysheep_doodads,
          minmay_pentomino_w2
D:3:      layout_basic, serial_bayou, serial_bayou_pond_c, serial_bayou_pond_c,
          serial_bayou_ford_a, serial_bayou_pond_e, serial_bayou_shore_a,
          st_stairs_11, uniq_terence
D:4:      layout_loops_ring, chequers_ossuary_entry_cave, uniq_eustachio
D:5:      layout_loops_ring, temple_hall
D:6:      layout_cave_pods
D:7:      layout_basic, serial_shops, shop, nicolae_shop_statue_plus,
          nicolae_shop_window_shopping, nicolae_square_shop, shop,
          enter_bailey_7
Temple:   eino_narrow_crystal_temple
Bailey:   bailey_polearm_nasty_gnolls, bailey

Skill      XL: |  1  2  3  4  5  6  7  8 |
---------------+-------------------------+-----
Conjurations   | 2 3 4 |  4.4
Necromancy     | 1 2 3 |  3.8
Air Magic      | 1 2 |  2.9
Fighting       | 1 2 3 |  3.1
Dodging        | 3 4 5 |  5.2
Stealth        | 3 4 |  4.6
Poison Magic   | 1 2 3 |  3.1
Translocations | 2 3 |  3.3
Armour         | 1 2 |  2.1
Spellcasting   | 5 |  5.9
Summonings     | 2 3 |  3.1

Action                     |  1- 3 |  4- 6 |  7- 9 || total
---------------------------+-------+-------+-------++-------
  Melee: Dagger            |     4 |     3 |       ||     7
         Trident           |       |    68 |    93 ||   161
         Punch             |       |     1 |     2 ||     3
   Cast: Magic Dart        |   112 |   192 |    84 ||   388
         Call Imp          |       |    11 |    11 ||    22
         Cigotuvi's Dreadf |       |     3 |     3 ||     6
         Blink             |       |     2 |     4 ||     6
         Mephitic Cloud    |       |     1 |     1 ||     2
         Vampiric Draining |       |       |    26 ||    26
  Evoke: Wand              |       |       |     7 ||     7
    Use: Scroll            |     4 |     4 |     4 ||    12
         Potion            |       |     2 |     5 ||     7
   Stab: Confused          |       |     2 |     1 ||     3
         Sleeping          |       |     1 |     6 ||     7
         Distracted        |       |     1 |     1 ||     2
 Armour: Robe              |     8 |    20 |    47 ||    75
         Skin              |       |       |    12 ||    12
  Dodge: Dodged            |    18 |    43 |   104 ||   165

Table legend: (Time is in decaauts)
 A = Elapsed time spent in this place.
 B = Non-inter-level travel time spent in this place.
 C = Inter-level travel time spent in this place.
 D = Time resting spent in this place.
 E = Time spent auto-exploring this place.
 F = Levels seen in this place.
 G = Mean time per level.
                   A        B        C        D        E       F      G
               +--------+--------+--------+--------+--------+-----+--------+
         Total |   9831 |   9101 |    730 |   1230 |   6145 |  10 |  983.1 |
       Dungeon |   8044 |   7374 |    670 |    623 |   5525 |   7 | 1149.1 |
        Temple |    258 |    198 |     60 |      0 |    187 |   1 |  258.0 |
       Ossuary |    728 |    728 |      0 |    199 |    252 |   1 |  728.0 |
        Bailey |    800 |    800 |      0 |    408 |    181 |   1 |  800.0 |
               +--------+--------+--------+--------+--------+-----+--------+

Top non-repeatable levels by time:
     D:4: 1486 daAuts
     D:1: 1277 daAuts
     D:6: 1251 daAuts
     D:3: 1251 daAuts
     D:5: 1240 daAuts
     D:2: 1058 daAuts
  Bailey: 800 daAuts
 Ossuary: 728 daAuts
     D:7: 477 daAuts
  Temple: 258 daAuts
